 Dungeon Crawl Stone Soup version 0.30-a0-989-g0d87f670db (webtiles) character file.

Game seed: 3633980434017158445

189 NinjaNoafa the Magician (level 6, 0/45 HPs)
             Began as a Djinni Conjurer on Apr 2, 2023.
             Killed by divine providence
             ... invoked by an orc priest
              (15 damage)
             ... on level 4 of the Dungeon.
             The game lasted 00:10:36 (2369 turns).

NinjaNoafa the Magician (Djinni Conjurer)           Turns: 2369, Time: 00:10:37

Health: 0/45       AC:  3    Str: 12    XL:     6   Next: 0%
Gold:   189        EV: 12    Int: 18    God:
                   SH:  0    Dex: 12

rFire   + + +      SeeInvis .    v - +1 dagger of Kuixufia {venom, rPois rF+ rC+ Int-3}
rCold   . . .      Faith    .    (no shield)
rNeg    . . .      Spirit   .    s - +1 robe of Fashionability {Drain Will++ Stlth+}
rPois   ∞          Reflect  .    (no helmet)
rElec   .          Rampage  .    (no cloak)
rCorr   +          Rage     3%   (no gloves)
Will    ++...                    (boots unavailable)
Stlth   +++                      d - amulet of regeneration
HPRegen 1.07/turn                m - ring of resist corrosion
MPRegen 0.00/turn                b - +6 ring of strength

@: flying, very slightly contaminated
A: sickness immunity, fire resistance 2, cold vulnerability 1, float, innate
caster, HP casting, extra vitality 1, berserk 1
a: no special abilities


You were on level 4 of the Dungeon.
You visited 1 branch of the dungeon, and saw 4 of its levels.

You collected 189 gold pieces.

Inventory:

Hand Weapons
 v - the +1 dagger of Kuixufia (weapon) {venom, rPois rF+ rC+ Int-3}
   (You found it on level 3 of the Dungeon)

   Int:       It affects your intelligence (-3).
   rF:        It protects you from fire.
   rC:        It protects you from cold.
   rPois:     It protects you from poison.
Armour
 s - the +1 robe of Fashionability (worn) {Drain Will++ Stlth+}
   (You found it on level 2 of the Dungeon)

   Drain:     It drains your maximum health when unequipped.
   Will:      It greatly increases your willpower.
   Stlth:     It makes you more stealthy.
Jewellery
 b - a +6 ring of strength (right hand)
 d - an amulet of regeneration (around neck)
 m - a ring of resist corrosion (left hand)
Wands
 t - a wand of flame (14)
Scrolls
 a - a scroll of enchant weapon {unknown}
 f - 2 scrolls of blinking {unknown}
 g - a scroll of butterflies {unknown}
 j - a scroll of teleportation {unknown}
 l - 4 scrolls of identify {unknown}
 r - a scroll of enchant armour {unknown}
 u - a scroll of amnesia {unknown}
 w - a scroll of magic mapping {unknown}
Potions
 c - 4 potions of mutation
 e - a potion of flight {unknown}
 h - a potion of magic {unknown}
 i - 2 potions of curing {unknown}
 k - a potion of degeneration {unknown}
 n - 2 potions of invisibility {unknown}
 o - 2 potions of might {unknown}
 p - a potion of ambrosia {unknown}
 q - a potion of lignification {unknown}
 x - a potion of cancellation {unknown}


   Skills:
 + Level 2.8 Fighting
 - Level 2.1 Dodging
 - Level 1.5 Stealth
 * Level 4.7 Spellcasting


You knew the following spells:

 Your Spells              Type           Power      Damage    Failure   Level
a - Magic Dart            Conj           84%        1d7       1%          1
b - Searing Ray           Conj           42%        2d6       3%          2
c - Dazzling Flash        Conj/Hex       42%        N/A       6%          3
d - Fulminant Prism       Conj/Hex       10%        3d8       19%         4
e - Iskenderun's Mystic   Conj/Tloc      21%        2d6       19%         4
f - Freeze                Ice            84%        1d9       1%          1
g - Blink                 Tloc           42%        N/A       3%          2
Your spell library was empty.

Dungeon Overview and Level Annotations

Branches:
Dungeon (4/15)
 Temple: D:4-7

Altars:
Fedhas
Gozag
Makhleb
Trog


Innate Abilities, Weirdness & Mutations

You are immune to sickness and miasma.
You are immune to poison.
Your flesh is very heat resistant. (rF++)
You are vulnerable to cold. (rC-)
You float through the air rather than walking.
You learn spells naturally, not from books.
Your magical power is your life essence.
You have superior vitality. (+4 MHP)
You sometimes lose your temper in combat.


Message History

The orc priest shouts!
Casting: Searing Ray (safe; 3% risk of failure)
Confirm with . or Enter, or press ? or * to list all spells.
Casting: Dazzling Flash (dangerous; 6% risk of failure)
Press: ? - help, Dir - look around, f - activate The orc priest is dazzled. x2
You hear a shout!
The orc priest begins to cast a cantrip, but forgets the words!
The orc priest mumbles some strange prayers to Beogh against you.
Beogh smites you!
* * * LOW HITPOINT WARNING * * *
You hear a shout!
Casting: Dazzling Flash (dangerous; 6% risk of failure)
Confirm with . or Enter, or press ? or * to list all spells.
You miscast Iskenderun's Mystic Blast.
You are very lightly contaminated with residual magic.
Nothing appears to happen.
* * * LOW HITPOINT WARNING * * *
The orc hits you but does no damage.
Casting: Iskenderun's Mystic Blast (quite dangerous; 21% risk of failure)
Confirm with . or Enter, or press ? or * to list all spells.
You erupt in a blast of force!
The mystic blast hits the orc priest.
You kill the orc priest!
The mystic blast hits the orc!
You kill the orc!
The mystic blast hits the orc priest.
The orc priest is heavily wounded.
The orc priest is knocked back by the mystic blast.
* * * LOW HITPOINT WARNING * * *
The orc priest begins to cast a cantrip, but forgets the words!
You have reached level 6!
It was a potion of mutation.
You feel extremely strange.
You feel a little pissed off.
Unknown command.
Unknown command.
Unknown command.
You see here a +0 dagger.
The orc priest calls down the wrath of Beogh upon you.
Beogh smites you!
You die...

..## #.. ..... # #.. ###
#.##.. # ...###.##
#.##.###.#
.........##.##...#.##..$
.....#.##.......oo)o....
.....#.......###)#.....#
..#.†#.##.#..# #.# #####
...[...##....###@#
..[..............###
..#..#..#..........#
.....#..#..........#
..#.##..#..........#
....##..#.......####
.....#..#.......#
.###.###........#
.#_..._##.......#


You could see 2 orc priests.

Vanquished Creatures
  A black bear (D:4)
  An orc priest (D:4)
  2 adders
  A dart slug (D:3)
  2 orcs (D:4)
  4 ball pythons
  4 bats
  An endoplasm (D:2)
  3 giant cockroaches
  6 goblins
  4 hobgoblins (D:1)
  2 jackals (D:1)
  A kobold (D:2)
  A quokka (D:2)
  4 frilled lizards
  8 rats
45 creatures vanquished.

Vanquished Creatures (others)
  A plant (D:4)
1 creature vanquished.

Grand Total: 46 creatures vanquished

Notes
Turn   | Place    | Note
-------+----------+-------------------------------------------
     0 | D:1      | NinjaNoafa the Djinni Conjurer began the quest for the Orb.
     0 | D:1      | NinjaNoafa set off with the following spells memorised:
                  | Magic Dart, Searing Ray, Dazzling Flash, Fulminant Prism,
                  | Iskenderun's Mystic Blast.
     0 | D:1      | Reached XP level 1. HP: 15/15 MP: 0/0
    91 | D:1      | Reached XP level 2. HP: 20/22 MP: 0/0
   186 | D:1      | Reached skill level 1 in Fighting
   514 | D:1      | Reached XP level 3. HP: 27/27 MP: 0/0
   514 | D:1      | Learned a level 1 spell: Freeze
  1464 | D:2      | Identified the +1 robe of Fashionability {Drain Will++
                  | Stlth+}
  1774 | D:3      | Reached skill level 4 in Spellcasting
  1774 | D:3      | Reached XP level 4. HP: 29/33 MP: 0/0
  1812 | D:3      | Identified the +1 dagger of Kuixufia {venom, rPois rF+ rC+
                  | Int-3}
  2286 | D:4      | Found a burning altar of Makhleb.
  2286 | D:4      | Found a bloodstained altar of Trog.
  2298 | D:4      | Found an opulent altar of Gozag.
  2298 | D:4      | Found a blossoming altar of Fedhas.
  2317 | D:4      | Noticed a black bear
  2325 | D:4      | Killed a black bear
  2326 | D:4      | Reached XP level 5. HP: 29/39 MP: 0/0
  2326 | D:4      | Learned a level 2 spell: Blink
  2366 | D:4      | Reached XP level 6. HP: 11/45 MP: 0/0
  2366 | D:4      | Gained mutation: You sometimes lose your temper in combat.
                  | [potion of mutation]
  2369 | D:4      | Killed from afar by an orc priest

Illustrated notes

Levels and vault maps discovered:
D:1:      giann_wishing_wells, layout_basic
D:2:      layout_loops_corners, chequers_hall_statues_corner_a
D:3:      layout_basic
D:4:      layout_basic, mainiacjoe_overflow_alcove_3

Skill      XL: |  1  2  3  4 |
---------------+-------------+-----
Fighting       | 1 2 |  2.8
Spellcasting   | 4 |  4.7
Dodging        | |  2.1
Stealth        | |  1.5

Action                     |  1- 3 |  4- 6 || total
---------------------------+-------+-------++-------
  Melee: Unarmed           |     1 |       ||     1
         Dagger            |       |     1 ||     1
   Cast: Magic Dart        |    38 |    15 ||    53
         Searing Ray       |     6 |     3 ||     9
         Freeze            |     3 |     3 ||     6
         Iskenderun's Myst |       |     1 ||     1
         Dazzling Flash    |       |     1 ||     1
    Use: Potion            |       |     1 ||     1
 Armour: Robe              |     2 |     3 ||     5
  Dodge: Dodged            |     5 |     3 ||     8

Table legend: (Time is in decaauts)
 A = Elapsed time spent in this place.
 B = Non-inter-level travel time spent in this place.
 C = Inter-level travel time spent in this place.
 D = Time resting spent in this place.
 E = Time spent auto-exploring this place.
 F = Levels seen in this place.
 G = Mean time per level.
                   A        B        C        D        E       F      G
               +--------+--------+--------+--------+--------+-----+--------+
         Total |   2365 |   2296 |     69 |      0 |   1881 |   4 |  591.2 |
       Dungeon |   2365 |   2296 |     69 |      0 |   1881 |   4 |  591.2 |
               +--------+--------+--------+--------+--------+-----+--------+

Top non-repeatable levels by time:
     D:2: 910 daAuts
     D:1: 792 daAuts
     D:3: 552 daAuts
     D:4: 110 daAuts
